AoeStats
← Sabandija

Arabia

504229525Analyzed
1v1 RM · 28d ago on Sep 4, 2026· 20m 41s· 2 players
Game mode
Random Map
Map size
Tiny (2 player)
Population
200
Speed
Normal
Resources
Standard
Victory
Conquest
Starting age
Dark Age
Ending age
Imperial Age
RankedLock teamsTeams togetherTeam positionsShared explorationLock speedFull tech treeHidden civsTurbo modeCheats
Victory
Defeat
🇨🇴 Inca · Colombia
1257
+16
🇦🇷 Vikings · Argentina
1264
-16
juanmelgarejo92
9:08 Loom
10:19 Loom
12:11 Feudal Age
10:27 Loom
12:14 Champi Runner
Sabandija
6:17 Loom
8:58 Feudal Age
13:13 Double-Bit Axe
13:30 Town Watch
Connection lost

Rejoining the realm…

Still unreachable

The connection could not be restored.

Session expired

The server has moved on; the page needs a fresh start.